 Dungeon Crawl Stone Soup version 0.31-a0-995-g04711c9635 (webtiles) character file.

Game seed: 5675820247062883357

1988 jinnsalabim the Ducker (level 9, -3/59 HPs)
             Began as a Djinni Hedge Wizard on Nov 6, 2023.
             Was an Elder of Elyvilon.
             Slain by Pikel
             ... wielding a +1 whip of electrocution
              (9 damage)
             ... on level 6 of the Dungeon.
             The game lasted 00:45:36 (7803 turns).

jinnsalabim the Ducker (Djinni Hedge Wizard)        Turns: 7803, Time: 00:45:37

Health: -3/59      AC:  3    Str: 11    XL:     9   Next: 44%
Gold:   281        EV: 15    Int: 22    God:    Elyvilon [****..] SH:  0 Dex: 15

rFire   + + .        l - +2 dagger (venom)
rCold   x . .        (no shield)
rNeg    . . .        b - +0 robe
rPois   ∞            d - +0 helmet
rElec   .            (no cloak)
rCorr   .            (no gloves)
SInv    +            (boots unavailable)
Will    .....        (no amulet)
Stlth   +++          f - +6 ring of intelligence
HPRegen 0.29/turn    h - ring of see invisible
MPRegen 0.00/turn

%: infuse magic (-4 HP)
@: flying
A: sickness immunity, fire resistance 2, cold vulnerability 1, float, innate
caster, HP casting, extra vitality 1
a: Renounce Religion, Purification, Heal Other, Heal Self


You were on level 6 of the Dungeon.
You worshipped Elyvilon.
Elyvilon was greatly pleased with you.
You visited 1 branch of the dungeon, and saw 7 of its levels.

You collected 363 gold pieces.
You spent 82 gold pieces at shops.

Inventory:

Hand Weapons
 a - a +0 dagger of venom
 l - a +2 dagger of venom (weapon)
Missiles
 e - 11 boomerangs
 g - 38 poisoned darts
 y - 5 atropa-tipped darts
Armour
 b - a +0 robe (worn)
 c - a +0 hat
 d - a +0 helmet (worn)
Jewellery
 f - a +6 ring of intelligence (left hand)
 h - a ring of see invisible (right hand)
 v - a ring of willpower
Wands
 t - a wand of charming (5)
 u - a wand of iceblast (8)
Scrolls
 i - 2 scrolls of teleportation
 m - 2 scrolls of immolation
 s - a scroll of revelation
 w - 2 scrolls of poison
 x - a scroll of fog {unknown}
Potions
 j - 2 potions of degeneration {unknown}
 k - 2 potions of invisibility
 n - 6 potions of curing
 o - 2 potions of enlightenment {unknown}
 p - a potion of heal wounds {unknown}
 q - a potion of berserk rage {unknown}
 r - a potion of haste {unknown}


   Skills:
 + Level 2.7 Fighting
 * Level 5.7 Short Blades
 * Level 6.5 Dodging
 * Level 5.1 Stealth
 * Level 4.7 Spellcasting
 * Level 4.7 Conjurations
 * Level 4.7 Hexes
 * Level 4.7 Summonings
 * Level 4.7 Necromancy
 * Level 4.7 Translocations
 * Level 4.7 Transmutations
 * Level 4.7 Fire Magic
 * Level 4.7 Ice Magic
 * Level 4.7 Air Magic
 * Level 4.7 Earth Magic
 * Level 4.7 Poison Magic


You knew the following spells:

 Your Spells              Type           Power      Damage    Failure   Level
a - Magic Dart            Conj           100%       1d8       1%          1
b - Slow                  Hex            100%       N/A       1%          1
c - Blink                 Tloc           52%        N/A       2%          2
d - Call Imp              Summ           52%        N/A       2%          2
e - Mephitic Cloud        Conj/Pois/Air  26%        N/A       4%          3
f - Sting                 Tmut/Pois      100%       1d8       1%          1
g - Wereblood             Tmut           26%        N/A       2%          2
h - Searing Ray           Conj           52%        2d6       2%          2
i - Sigil of Binding      Hex            26%        N/A       4%          3
Your spell library was empty.

Dungeon Overview and Level Annotations

Branches:
Dungeon (7/15)             Temple (0/1) D:5

Altars:
Elyvilon
Fedhas
Makhleb
Okawaru
Uskayaw
Xom
The Shining One

Shops:
D:2 :?   D:7 (

Annotations:
D:6 Pikel


Innate Abilities, Weirdness & Mutations

You are immune to sickness and miasma.
You are immune to poison.
Your flesh is very heat resistant. (rF++)
You are vulnerable to cold. (rC-)
You float through the air rather than walking.
You learn spells naturally, not from books.
Your magical power is your life essence.
You have superior vitality. (+4 MHP)


Message History

Pikel is moderately wounded.
Pikel completely misses you.
You barely miss Pikel.
Pikel is moderately wounded.
Pikel hits you with a +1 whip of electrocution!
* * * LOW HITPOINT WARNING * * *
There is a stone staircase leading up here.
You fly upwards.
There is a stone staircase leading down here.
You start resting.
HP restored.
You fly downwards.
Level annotation: Pikel Pikel hits you with a +1 whip of electrocution!
Pikel hits you with a +1 whip of electrocution.
You are electrocuted!!
There is a stone staircase leading up here.
You closely miss Pikel.
Pikel is lightly wounded.
You barely miss Pikel.
Pikel is lightly wounded.
Pikel hits you with a +1 whip of electrocution!
* * * LOW HITPOINT WARNING * * *
You hit Pikel.
Pikel is poisoned.
Pikel is lightly wounded.
Pikel hits you with a +1 whip of electrocution.
* * * LOW HITPOINT WARNING * * *
You hit Pikel.
Pikel looks as sick as possible!
Pikel is moderately wounded.
Pikel hits you with a +1 whip of electrocution!
* * * LOW HITPOINT WARNING * * *
You are electrocuted!
Elyvilon protects you from harm!
Pikel hits you with a +1 whip of electrocution!
Elyvilon protects you from harm!
You fly upwards.
There is a stone staircase leading down here.
Pikel hits you with a +1 whip of electrocution!
You die...
Pikel says, "Another soul for the market."

.#...##.#####.#.........)..##.#
.#...#.)# #.#.##########.##.#
...#...## #.#.# #.##.# .#.#.###
#.#.## #.##.# ####### #....##
#.##.# #.# #.###.#### ##.##.#
#.##### #.# #....# #.....#
#.....# #.###.##.####...###
#####.####.>@###.#......#####
#......K## #...###.......
######..###..### ###..###
#......## #+#)##.#
#.###..##.....##..#
#.###.##...o..4 #.# #.....#
...8... ..#
#.##..##...o..4##..#
###########
#.###..##.....##...#


You could see Pikel (extremely poisoned).

Vanquished Creatures
  Sigmund (D:6)
  An acid dragon (D:7)
  2 water moccasins (D:7)
  An orc warrior (D:7)
  An ice beast (D:4)
  A sky beast (D:6)
  2 black bears
  3 phantoms (D:5)
  2 lemures (D:7)
  A kobold brigand (D:5)
  A scorpion (D:4)
  A wight (D:7)
  A howler monkey (D:4)
  3 hounds
  A jelly (D:7)
  2 orc priests (D:7)
  2 sleepcaps
  2 orc wizards
  An iguana (D:4)
  4 gnolls (D:4)
  11 adders
  A white imp (D:6)
  2 worms
  A dart slug (D:5)
  22 orcs
  4 bats
  7 endoplasms
  4 giant cockroaches
  9 hobgoblins
  5 jackals
  30 kobolds
  2 quokkas (D:2)
  8 ball pythons
  8 frilled lizards
  11 goblins
  5 rats (D:2)
163 creatures vanquished.

Vanquished Creatures (collateral kills)
  A worm (D:3)
  A hobgoblin (D:1)
  4 jackals (D:1)
  A kobold (D:2)
7 creatures vanquished.

Grand Total: 170 creatures vanquished

Notes
Turn   | Place    | Note
-------+----------+-------------------------------------------
     0 | D:1      | jinnsalabim the Djinni Hedge Wizard began the quest for the
                  | Orb.
     0 | D:1      | jinnsalabim set off with the following spells memorised:
                  | Magic Dart, Slow, Blink, Call Imp, Mephitic Cloud.
     0 | D:1      | Reached XP level 1. HP: 15/15 MP: 0/0
   138 | D:1      | Found a faded altar of an unknown god.
   147 | D:1      | Reached XP level 2. HP: 20/21 MP: 0/0
   483 | D:1      | Reached XP level 3. HP: 25/25 MP: 0/0
   483 | D:1      | Learned a level 1 spell: Sting
   845 | D:1      | Reached skill level 3 in Dodging
   889 | D:2      | Found Veutom's Book Boutique.
  1061 | D:2      | Found Meulu Bicu's Magic Scroll Emporium.
  1069 | D:2      | Bought a scroll of enchant weapon for 82 gold pieces
  1398 | D:2      | Reached skill level 1 in Short Blades
  1398 | D:2      | Reached XP level 4. HP: 27/31 MP: 0/0
  1874 | D:3      | Found a white marble altar of Elyvilon.
  1879 | D:3      | Became a worshipper of Elyvilon the Healer
  2103 | D:3      | Reached XP level 5. HP: 34/36 MP: 0/0
  2103 | D:3      | Learned a level 2 spell: Wereblood
  2230 | D:3      | Reached * piety under Elyvilon
  2520 | D:4      | Reached XP level 6. HP: 33/41 MP: 0/0
  2551 | D:4      | Noticed a black bear
  2618 | D:4      | Reached skill level 1 in Fighting
  2677 | D:4      | Killed a black bear
  2678 | D:4      | Reached skill level 4 in Dodging
  2678 | D:4      | Reached XP level 7. HP: 15/47 MP: 0/0
  2678 | D:4      | Learned a level 2 spell: Searing Ray
  2867 | D:4      | Found an iron altar of Okawaru.
  2917 | D:4      | Reached ** piety under Elyvilon
  3399 | D:5      | Entered Level 5 of the Dungeon
  3451 | D:5      | Found a hide-covered altar of Uskayaw.
  3658 | D:5      | Found a staircase to the Ecumenical Temple.
  3674 | D:5      | Found a blossoming altar of Fedhas.
  3677 | D:5      | Identified the +9 shortbow of Ameprale {heavy, rF+ Str-2
                  | Dex+2 SInv}
  3934 | D:5      | Reached *** piety under Elyvilon
  3972 | D:5      | Reached XP level 8. HP: 36/53 MP: 0/0
  4414 | D:5      | Reached skill level 5 in Dodging
  5751 | D:6      | Noticed a rust devil
  5751 | D:6      | Noticed a rust devil
  5860 | D:7      | Reached skill level 5 in Short Blades
  6083 | D:7      | Found Xonlusuo's Weapon Shop.
  6170 | D:7      | Found a burning altar of Makhleb.
  6340 | D:6      | Noticed Sigmund
  6649 | D:7      | Found a shimmering altar of Xom.
  6744 | D:7      | Found a glowing golden altar of the Shining One.
  6798 | D:7      | Reached XP level 9. HP: 24/59 MP: 0/0
  6798 | D:7      | Learned a level 3 spell: Sigil of Binding
  6963 | D:7      | Reached **** piety under Elyvilon
  7044 | D:7      | Reached skill level 6 in Dodging
  7302 | D:6      | Killed Sigmund
  7303 | D:6      | Reached skill level 5 in Stealth
  7594 | D:7      | Noticed Pikel
  7800 | D:7      | Elyvilon protects you from harm!
  7801 | D:7      | Elyvilon protects you from harm!
  7803 | D:6      | Slain by Pikel

Illustrated notes

Levels and vault maps discovered:
D:1:      ncdulo_wetmaze, layout_basic, nicolae_ecumenical_lake_church,
          dk_noncrumbling_3
D:2:      layout_basic, serial_shops, nicolae_shop_tiny_glass, shop,
          hex_intersection
D:3:      layout_rooms, elyvilon_altar_4, chequers_serial_rivers_room_b
D:4:      layout_cave_pools, okawaru_trees_1, grunt_tough_drop
D:5:      kennysheep_kobold_camp, layout_basic,
          mainiacjoe_overflow_tiny_flanked,
          nicolae_uskayaw_murder_on_the_dancefloor, minmay_temple_entry_slanted
D:6:      cheibrodos_iron_armory, layout_loops_ring,
          serial_library_hellmonk_room_c, minmay_misc_feat_alley, uniq_sigmund
D:7:      hellmonk_ruined_rings, layout_basic, tso_metal_star,
          general_overflow_altar, mainiacjoe_overflow_24_doors, serial_shops,
          nicolae_shop_behind_doors, uniq_pikel, uniq_crazy_yiuf_cottage

Skill      XL: |  1  2  3  4  5  6  7  8  9 |
---------------+----------------------------+-----
Stealth        | 2 3 4 5 |  5.1
Spellcasting   | 3 4 |  4.7
Conjurations   | 3 4 |  4.7
Hexes          | 3 4 |  4.7
Summonings     | 3 4 |  4.7
Necromancy     | 3 4 |  4.7
Translocations | 3 4 |  4.7
Transmutations | 3 4 |  4.7
Fire Magic     | 3 4 |  4.7
Ice Magic      | 3 4 |  4.7
Air Magic      | 3 4 |  4.7
Earth Magic    | 3 4 |  4.7
Poison Magic   | 3 4 |  4.7
Dodging        | 3 4 5 6 |  6.5
Short Blades   | 1 2 4 5 |  5.7
Fighting       | 1 2 |  2.7

Action                     |  1- 3 |  4- 6 |  7- 9 || total
---------------------------+-------+-------+-------++-------
  Melee: Dagger            |    68 |    67 |   340 ||   475
         Punch             |     1 |     1 |     7 ||     9
   Cast: Magic Dart        |    52 |    56 |    85 ||   193
         Call Imp          |     4 |     3 |       ||     7
         Slow              |       |     1 |       ||     1
         Sting             |       |     3 |    40 ||    43
         Blink             |       |     2 |     1 ||     3
         Mephitic Cloud    |       |     1 |    14 ||    15
         Wereblood         |       |       |     1 ||     1
    Use: Scroll            |       |     8 |     3 ||    11
   Stab: Sleeping          |     4 |     2 |     3 ||     9
         Confused          |       |       |     1 ||     1
 Armour: Robe              |    41 |    44 |   150 ||   235
  Dodge: Dodged            |    44 |    66 |   163 ||   273

Table legend: (Time is in decaauts)
 A = Elapsed time spent in this place.
 B = Non-inter-level travel time spent in this place.
 C = Inter-level travel time spent in this place.
 D = Time resting spent in this place.
 E = Time spent auto-exploring this place.
 F = Levels seen in this place.
 G = Mean time per level.
                   A        B        C        D        E       F      G
               +--------+--------+--------+--------+--------+-----+--------+
         Total |   7724 |   6411 |   1313 |   1272 |   2388 |   7 | 1103.4 |
       Dungeon |   7724 |   6411 |   1313 |   1272 |   2388 |   7 | 1103.4 |
               +--------+--------+--------+--------+--------+-----+--------+

Top non-repeatable levels by time:
     D:6: 1682 daAuts
     D:7: 1255 daAuts
     D:5: 1249 daAuts
     D:4: 1027 daAuts
     D:2: 891 daAuts
     D:1: 883 daAuts
     D:3: 736 daAuts
